PAA
SUN PRAIRIE SWALLOWS @ MINNESOTA LOONS
08/22/2025
 
TOP OF THE 1ST
Sun Prairie Swallows batting - Pitching for Minnesota Loons : RHP José Larranaga
Pitching: RHP José Larranaga
Batting: RHB José Silva 0-0: SINGLE (Groundball, 56D)
Batting: RHB Bobby Butterfield 0-0: Ball
1-0: Ball
2-0: Swinging Strike
2-1: Foul Ball, location: 2F
2-2: Foul Ball, location: 2F
2-2: SINGLE (Line Drive, 6MD)
José Silva to second
Batting: RHB Luis Hernández 0-0: Called Strike
0-1: Ball
1-1: 3-RUN HOME RUN (Flyball, 7LD), Distance : 330 ft
Batting: RHB Ghislain Vespucci 0-0: Ball
1-0: Called Strike
1-1: Ground out 4-3 (Groundball, 4MS)
Batting: RHB Cosmo Bjorkenheim 0-0: Ball
1-0: Swinging Strike
1-1: Ground out 5-3 (Groundball, 56)
Batting: RHB Alfonso López 0-0: Ground out 5-3 (Groundball, 5)
Top of the 1st over - 3 run(s), 3 hit(s), 0 error(s), 0 left on base; Sun Prairie 3 - Minnesota 0
BOTTOM OF THE 1ST
Minnesota Loons batting - Pitching for Sun Prairie Swallows : LHP Ramiro García
Pitching: LHP Ramiro García
Batting: RHB Alex Rucker 0-0: Ball
1-0: Called Strike
1-1: Bunt for hit - play at first, batter OUT! 3-4
Batting: RHB Lytle Creek 0-0: Ball
1-0: Ball
2-0: SINGLE (Line Drive, 56D)
Batting: RHB Miguel Rosales 0-0: Fly out, F3 (Line Drive, 3L)
Batting: LHB José León 0-0: Ball
1-0: Ball
2-0: Ground out 4-3 (Groundball, 34)
Bottom of the 1st over - 0 run(s), 1 hit(s), 0 error(s), 1 left on base; Sun Prairie 3 - Minnesota 0
TOP OF THE 2ND
Sun Prairie Swallows batting - Pitching for Minnesota Loons : RHP José Larranaga
Batting: RHB Scott Forrest 0-0: Called Strike
0-1: Reached on error, E6 (Groundball, 6)
Batting: RHB Dan Hart 0-0: Called Strike
0-1: Ball
1-1: Called Strike
1-2: Ball
2-2: Fielders Choice at 2nd, 4-6 (Groundball, 34)
Batting: RHB Darby Carveth 0-0: Ball
1-0: Called Strike
1-1: Ball
2-1: Ground out 4-3 (Groundball, 4MD)
Dan Hart to second
Batting: RHB José Silva 0-0: SINGLE (Groundball, 56D)
Dan Hart to third
Runner from 3rd tries for Home, SAFE, no throw
Batting: RHB Bobby Butterfield 0-0: Ball
1-0: Ball
2-0: Fly out, F7 (Flyball, 78D)
Top of the 2nd over - 1 run(s), 1 hit(s), 1 error(s), 1 left on base; Sun Prairie 4 - Minnesota 0
BOTTOM OF THE 2ND
Minnesota Loons batting - Pitching for Sun Prairie Swallows : LHP Ramiro García
Batting: RHB Ieyoshi Yamamoto 0-0: Foul Ball, location: 2F
0-1: Swinging Strike
0-2: Ball
1-2: Ball
2-2: Ball
3-2: Strikes out swinging
Batting: RHB Bass Reeves 0-0: Ball
1-0: Ball
2-0: Ball
3-0: Called Strike
3-1: Fly out, F4 (Popup, 4)
Batting: LHB Juan Aranda 0-0: Foul Ball, location: 2F
0-1: Ground out 4-3 (Groundball, 4)
Bottom of the 2nd over - 0 run(s), 0 hit(s), 0 error(s), 0 left on base; Sun Prairie 4 - Minnesota 0
TOP OF THE 3RD
Sun Prairie Swallows batting - Pitching for Minnesota Loons : RHP José Larranaga
Batting: RHB Luis Hernández 0-0: Ball
1-0: Foul Ball, location: 2F
1-1: Swinging Strike
1-2: Ball
2-2: Ball
3-2: Ground out 5-3 (Groundball, 5S)
Batting: RHB Ghislain Vespucci 0-0: Called Strike
0-1: Called Strike
0-2: Reached on error, E4 (Groundball, 4)
Batting: RHB Cosmo Bjorkenheim 0-0: Fly out, F8 (Flyball, 8RM)
Batting: RHB Alfonso López 0-0: Called Strike
Ghislain Vespucci is caught stealing 2nd base
Top of the 3rd over - 0 run(s), 0 hit(s), 1 error(s), 0 left on base; Sun Prairie 4 - Minnesota 0
BOTTOM OF THE 3RD
Minnesota Loons batting - Pitching for Sun Prairie Swallows : LHP Ramiro García
Batting: RHB D.C. Aiken 0-0: Ball
1-0: Swinging Strike
1-1: Called Strike
1-2: Foul Ball, location: 2F
1-2: Foul Ball, location: 2F
1-2: Ball
2-2: Ball
3-2: Fly out, F9 (Flyball, 9S)
Batting: LHB Francisco Santos 0-0: Ball
1-0: Ball
2-0: Ball
3-0: Called Strike
3-1: Fly out, F9 (Line Drive, 9)
Batting: RHB Alex Rucker 0-0: Called Strike
0-1: Foul Ball, location: 2F
0-2: Ball
1-2: Foul Ball, location: 2F
1-2: Fly out, F9 (Flyball, 9LMF)
Bottom of the 3rd over - 0 run(s), 0 hit(s), 0 error(s), 0 left on base; Sun Prairie 4 - Minnesota 0
TOP OF THE 4TH
Sun Prairie Swallows batting - Pitching for Minnesota Loons : RHP José Larranaga
Batting: RHB Alfonso López 0-0: Foul Ball, location: 2F
0-1: Ball
1-1: Ball
2-1: Ball
3-1: Foul Ball, location: 2F
3-2: SOLO HOME RUN (Flyball, 7LD), Distance : 328 ft
Batting: RHB Scott Forrest 0-0: Fly out, F7 (Line Drive, 78M)
Batting: RHB Dan Hart 0-0: Ball
1-0: SINGLE (Groundball, 13S) (infield hit)
Batting: RHB Darby Carveth 0-0: Ball
1-0: Foul Ball, location: 2F
1-1: Ball
2-1: Ground out 5-3 (Groundball, 56S)
Dan Hart to second
Batting: RHB José Silva 0-0: Ball
1-0: Called Strike
1-1: Ball
2-1: SINGLE (Line Drive, 8RS)
Dan Hart to third
Batting: RHB Bobby Butterfield 0-0: Fly out, F8 (Flyball, 8RS)
Top of the 4th over - 1 run(s), 3 hit(s), 0 error(s), 2 left on base; Sun Prairie 5 - Minnesota 0
BOTTOM OF THE 4TH
Minnesota Loons batting - Pitching for Sun Prairie Swallows : LHP Ramiro García
Batting: RHB Lytle Creek 0-0: Fly out, F9 (Flyball, 9S)
Batting: RHB Miguel Rosales 0-0: Swinging Strike
0-1: Ball
1-1: Ball
2-1: Swinging Strike
2-2: Foul Ball, location: 2F
2-2: Foul Ball, location: 2F
2-2: SINGLE (Groundball, 6MD)
Batting: LHB José León 0-0: Swinging Strike
0-1: Foul Ball, location: 2F
0-2: Ball
1-2: Ball
2-2: Foul Ball, location: 2F
2-2: Strikes out swinging
Batting: RHB Ieyoshi Yamamoto 0-0: Ball
1-0: Called Strike
1-1: Foul Ball, location: 2F
1-2: Ball
2-2: Ball
3-2: Base on Balls
Miguel Rosales to second
Batting: RHB Bass Reeves 0-0: Foul Ball, location: 2F
0-1: Fly out, F8 (Flyball, 8RM)
Bottom of the 4th over - 0 run(s), 1 hit(s), 0 error(s), 2 left on base; Sun Prairie 5 - Minnesota 0
TOP OF THE 5TH
Sun Prairie Swallows batting - Pitching for Minnesota Loons : RHP José Larranaga
Batting: RHB Luis Hernández 0-0: Fly out, F5 (Popup, 5L)
Batting: RHB Ghislain Vespucci 0-0: Ball
1-0: Ground out 5-3 (Groundball, 25)
Batting: RHB Cosmo Bjorkenheim 0-0: Called Strike
0-1: Swinging Strike
0-2: Foul Ball, location: 2F
0-2: Ball
1-2: Ground out 5-3 (Groundball, 56S)
Top of the 5th over - 0 run(s), 0 hit(s), 0 error(s), 0 left on base; Sun Prairie 5 - Minnesota 0
BOTTOM OF THE 5TH
Minnesota Loons batting - Pitching for Sun Prairie Swallows : LHP Ramiro García
Batting: LHB Juan Aranda 0-0: Ball
1-0: Ball
2-0: Called Strike
2-1: Ball
3-1: Called Strike
3-2: Base on Balls
Batting: RHB D.C. Aiken 0-0: Fly out, F7 (Flyball, 7)
Batting: LHB Francisco Santos 0-0: Ball
1-0: Foul Ball, location: 2F
1-1: Called Strike
1-2: Strikes out swinging
Batting: RHB Alex Rucker 0-0: Ball
1-0: Ball
2-0: Foul Ball, location: 2F
2-1: Fly out, F6 (Line Drive, 6)
Bottom of the 5th over - 0 run(s), 0 hit(s), 0 error(s), 1 left on base; Sun Prairie 5 - Minnesota 0
TOP OF THE 6TH
Sun Prairie Swallows batting - Pitching for Minnesota Loons : RHP José Larranaga
Pitching: LHP Curtis Fields
Batting: RHB Alfonso López 0-0: Called Strike
0-1: Ball
1-1: Foul Ball, location: 2F
1-2: Ball
2-2: Strikes out looking
Batting: RHB Scott Forrest 0-0: Ground out 1-3 (Groundball, 15S)
Batting: RHB Dan Hart 0-0: DOUBLE (Line Drive, 89M)
Batting: RHB Darby Carveth 0-0: Ground out 5-3 (Groundball, 56S)
Top of the 6th over - 0 run(s), 1 hit(s), 0 error(s), 1 left on base; Sun Prairie 5 - Minnesota 0
BOTTOM OF THE 6TH
Minnesota Loons batting - Pitching for Sun Prairie Swallows : LHP Ramiro García
Batting: RHB Lytle Creek 0-0: Ball
1-0: Ball
2-0: Ball
3-0: Base on Balls
Batting: RHB Miguel Rosales 0-0: Called Strike
0-1: Ball
1-1: SINGLE (Line Drive, 8RS)
Lytle Creek to second
Batting: LHB José León 0-0: Called Strike
0-1: Ball
1-1: Foul Ball, location: 2F
1-2: Foul Ball, location: 2F
1-2: Foul Ball, location: 2F
1-2: Foul Ball, location: 2F
1-2: Ball
2-2: Ball
3-2: Foul Ball, location: 2F
3-2: Fly out, F9 (Flyball, 89D)
Runner from 2nd tags up, SAFE at 3rd, no throw
Pitching: RHP Il-gyung Kim
Batting: RHB Ieyoshi Yamamoto 0-0: Ball
1-0: Grounds into double play, 4-6-3 (Groundball, 4)
Bottom of the 6th over - 0 run(s), 1 hit(s), 0 error(s), 1 left on base; Sun Prairie 5 - Minnesota 0
TOP OF THE 7TH
Sun Prairie Swallows batting - Pitching for Minnesota Loons : LHP Curtis Fields
Batting: RHB José Silva 0-0: Ball
1-0: Ball
2-0: Ground out 4-3 (Groundball, 4)
Batting: RHB Bobby Butterfield 0-0: Ball
1-0: Fly out, F7 (Flyball, 7)
Batting: RHB Luis Hernández 0-0: Called Strike
0-1: Ball
1-1: Ground out 1-3 (Groundball, P)
Top of the 7th over - 0 run(s), 0 hit(s), 0 error(s), 0 left on base; Sun Prairie 5 - Minnesota 0
BOTTOM OF THE 7TH
Minnesota Loons batting - Pitching for Sun Prairie Swallows : RHP Il-gyung Kim
Batting: RHB Bass Reeves 0-0: Ball
1-0: Swinging Strike
1-1: Ball
2-1: Ball
3-1: Foul Ball, location: 2F
3-2: Strikes out looking
Batting: LHB Juan Aranda 0-0: Ball
1-0: Ball
2-0: Foul Ball, location: 2F
2-1: Ball
3-1: Base on Balls
Batting: RHB D.C. Aiken 0-0: Ball
1-0: Ground out 6-3 (Groundball, 6S)
Juan Aranda to second
Batting: LHB Francisco Santos 0-0: Called Strike
0-1: Swinging Strike
0-2: Ball
1-2: Ball
2-2: Foul Ball, location: 2F
2-2: Hit by Pitch
Batting: RHB Alex Rucker 0-0: SINGLE (Groundball, 56D)
Juan Aranda to third
Francisco Santos to second
Runner from 3rd tries for Home, SAFE, no throw
Batting: RHB Lytle Creek 0-0: Ball
1-0: Swinging Strike
1-1: Ball
2-1: Ball
3-1: Swinging Strike
3-2: Foul Ball, location: 2F
3-2: Base on Balls
Francisco Santos to third
Alex Rucker to second
Batting: RHB Miguel Rosales 0-0: Ball
1-0: Ball
2-0: Foul Ball, location: 2F
2-1: Ball
Wild Pitch!
Francisco Santos scores
Alex Rucker to third
Lytle Creek to second
3-1: Fly out, F9 (Flyball, 9S)
Bottom of the 7th over - 2 run(s), 1 hit(s), 0 error(s), 2 left on base; Sun Prairie 5 - Minnesota 2
TOP OF THE 8TH
Sun Prairie Swallows batting - Pitching for Minnesota Loons : LHP Curtis Fields
Batting: RHB Ghislain Vespucci 0-0: Swinging Strike
0-1: Fly out, F7 (Line Drive, 7D)
Batting: RHB Cosmo Bjorkenheim 0-0: Called Strike
0-1: Foul Ball, location: 2F
0-2: Ball
1-2: Foul Ball, location: 2F
1-2: Foul Ball, location: 2F
1-2: Foul Ball, location: 2F
1-2: Foul Ball, location: 2F
1-2: Foul Ball, location: 2F
1-2: DOUBLE (Line Drive, 7LS)
Batting: RHB Alfonso López 0-0: Ball
1-0: Fly out, F5 (Line Drive, 56)
Batting: RHB Scott Forrest 0-0: Called Strike
Cosmo Bjorkenheim steals 3rd base
0-1: Foul Ball, location: 2F
0-2: Ball
1-2: Strikes out swinging
Top of the 8th over - 0 run(s), 1 hit(s), 0 error(s), 1 left on base; Sun Prairie 5 - Minnesota 2
BOTTOM OF THE 8TH
Minnesota Loons batting - Pitching for Sun Prairie Swallows : RHP Il-gyung Kim
Batting: LHB José León 0-0: Ball
1-0: Foul Ball, location: 2F
1-1: Foul Ball, location: 2F
1-2: Foul Ball, location: 2F
1-2: Ball
2-2: Ball
3-2: Foul Ball, location: 2F
3-2: Foul Ball, location: 2F
3-2: Base on Balls
Pitching: RHP Josh Parker
Batting: RHB Ieyoshi Yamamoto 0-0: Swinging Strike
0-1: Ball
1-1: Called Strike
1-2: Fly out, F4 (Line Drive, 4MD)
Batting: RHB Bass Reeves 0-0: Ball
1-0: Called Strike
1-1: Ball
2-1: Called Strike
2-2: Ball
3-2: Foul Ball, location: 2F
3-2: Strikes out swinging
Batting: LHB Juan Aranda 0-0: Ground out 4-3 (Groundball, 34)
Bottom of the 8th over - 0 run(s), 0 hit(s), 0 error(s), 1 left on base; Sun Prairie 5 - Minnesota 2
TOP OF THE 9TH
Sun Prairie Swallows batting - Pitching for Minnesota Loons : LHP Curtis Fields
Pitching: LHP Jim Unknown
Batting: RHB Dan Hart 0-0: Called Strike
0-1: Ball
1-1: Ball
2-1: Fly out, F8 (Flyball, 8LM)
Batting: RHB Darby Carveth 0-0: Called Strike
0-1: Foul Ball, location: 2F
0-2: Foul Ball, location: 2F
0-2: Foul Ball, location: 2F
0-2: Ball
1-2: Fly out, F8 (Line Drive, 8RM)
Batting: RHB José Silva 0-0: Called Strike
0-1: Ball
1-1: Ground out 6-3 (Groundball, 6M)
Top of the 9th over - 0 run(s), 0 hit(s), 0 error(s), 0 left on base; Sun Prairie 5 - Minnesota 2
BOTTOM OF THE 9TH
Minnesota Loons batting - Pitching for Sun Prairie Swallows : RHP Josh Parker
Pitching: LHP Corbin Jameson
Batting: RHB D.C. Aiken 0-0: Hit by Pitch
Batting: LHB Francisco Santos 0-0: Ball
1-0: Called Strike
1-1: Ball
2-1: Swinging Strike
2-2: Grounds into double play, 6-4-3 (Groundball, 6)
Batting: RHB Alex Rucker 0-0: Ball
1-0: Swinging Strike
1-1: Fly out, F7 (Flyball, 7LS)
Bottom of the 9th over - 0 run(s), 0 hit(s), 0 error(s), 0 left on base; Sun Prairie 5 - Minnesota 2
Friday, December 30th, 2016 - OOTP Baseball 17.12 Build 75